 Dungeon Crawl Stone Soup version 0.19.1 (webtiles) character file.

2567 Faca the Cleaver (level 9, -5/69 HPs)
             Began as a Formicid Fighter on Dec 4, 2016.
             Was a Believer of Okawaru.
             Slain by an orc warrior
             ... wielding a +1 flail of crushing
              (14 damage)
             ... on level 7 of the Dungeon.
             The game lasted 00:20:40 (7451 turns).

Faca the Cleaver (Formicid Fighter)                 Turns: 7451, Time: 00:20:40

Health: -5/69      AC: 14    Str: 27    XL:     9   Next: 87%
Magic:  9/9        EV:  9    Int:  9    God:    Okawaru [**....]
Gold:   285        SH: 12    Dex: 15    Spells: 0 memorised, 8 levels left

rFire  . . .     SeeInvis +     a - +1 war axe
rCold  x . .     Gourm    .     s - +0 chain mail
rNeg   . . .     Faith    .     c - +0 shield
rPois  .         Spirit   .     (helmet unavailable)
rElec  .         Reflect  .     g - +2 cloak of the Eternal Fruit {rC- MR+ Str+7 Dex+2}
rCorr  .         Harm     .     (no gloves)
MR     ++...                    (no boots)
Stlth  ..........               (no amulet)
                                l - ring of stealth
                                b - ring of protection from magic

@: no status effects
A: permanent stasis, dig shafts and tunnels, four strong arms, antennae 3
a: Dig, Shaft Self, Heroism, Renounce Religion


You were on level 7 of the Dungeon.
You worshipped Okawaru.
Okawaru was pleased with you.
You were not hungry.

You visited 2 branches of the dungeon, and saw 8 of its levels.

You collected 285 gold pieces.

Inventory:

Hand Weapons
 a - a +1 war axe (weapon)
 d - a +4 quarterstaff of chaos
Armour
 c - a +0 shield (worn)
 g - the +2 cloak of the Eternal Fruit (worn) {rC- MR+ Str+7 Dex+2}
   (You found it on level 6 of the Dungeon)

   It affects your strength (+7).
   It affects your dexterity (+2).
   It makes you vulnerable to cold.
   It affects your resistance to hostile enchantments.
 s - a +0 chain mail (worn)
Jewellery
 b - a ring of protection from magic (left hand)
 e - an uncursed ring of fire
 j - an uncursed ring of ice
 l - a ring of stealth (right hand)
Scrolls
 m - a scroll of enchant armour
 n - 3 scrolls of remove curse
 q - 2 scrolls of recharging
 t - a scroll of identify
Potions
 h - a potion of ambrosia
 i - 2 potions of agility
 k - 5 potions of cure mutation
 p - a potion of brilliance
Comestibles
 f - 2 bread rations
 o - 2 fruits


   Skills:
 + Level 5.9 Fighting
 + Level 8.4 Axes
 + Level 7.4 Armour
 + Level 1.5 Dodging
 + Level 1.3 Stealth
 + Level 7.7 Shields


You had 8 spell levels left.
You didn't know any spells.

Dungeon Overview and Level Annotations

Branches:
Dungeon (7/15)             Temple (1/1) D:6

Altars:
Cheibriados
Fedhas
Gozag
Kikubaaqudgha
Okawaru
Ru
Sif Muna
Trog
Uskayaw
Xom
Yredelemnul
Zin
The Shining One

Shops:
D:4 *


Innate Abilities, Weirdness & Mutations

You are under a permanent stasis effect.
You can dig through walls and to a lower floor.
Your four strong arms can wield two-handed weapons with a shield.
You have a pair of large antennae on your head. (SInv)


Message History

The orc priest hits you but does no damage.
The orc warrior hits you with a flail of crushing!
* * * LOW HITPOINT WARNING * * *
x2 You hit the orc priest.
You kill the orc priest!
Okawaru accepts your kill.
You hit the orc warrior. You hit the orc. The orc hits you but does no damage.
The orc warrior hits you with a flail of crushing.
* * * LOW HITPOINT WARNING * * *
x2 Your chain mail prevents you from hitting the orc warrior.
The orc warrior is almost dead.
You slash the orc!
You kill the orc!
Okawaru accepts your kill.
The orc warrior hits you with a flail of crushing!
* * * LOW HITPOINT WARNING * * *
x2 You closely miss the orc warrior.
The orc warrior is almost dead.
The orc warrior hits you with a flail of crushing!
You die...

#<.## #.# ## #...# ##.#
##. #...# #..# ##.#
#...## ##..# ##.##
#....# ###..## ##..#
#....#####....## #...#
#.....##.......###..##
#.....)).......##...##
#.....@).............#
#
#.....o)####.........##
### ##.......#
##.........† ..##
##........##
##......... #..##
##..........##
##........
##..####....#.......##
#........
##.......######.....##
#........ ##.....##
##.....# ##.....>.
##....# ##....#
###.....


You could see an orc warrior.

Vanquished Creatures
  Prince Ribbit (D:6)
  Menkaure (D:6)
  2 orc warriors (D:6)
  A sky beast (D:7)
  A phantom (D:6)
  A centaur (D:6)
  2 ogres
  A big kobold (D:7)
  3 bullfrogs
  4 scorpions
  4 howler monkeys (D:7)
  2 crimson imps
  3 hounds
  2 jellies (D:6)
  Crazy Yiuf (D:2)
  4 orc priests
  4 orc wizards
  A bullfrog skeleton (D:5)
  An iguana (D:7)
  7 worker ants
  A hound zombie (D:7)
  A hound skeleton (D:6)
  Robin (D:3)
  9 adders
  A shadow imp (D:6)
  An ooze (D:4)
  4 worms (D:2)
  6 dart slugs
  8 leopard geckos
  24 orcs
  5 giant cockroaches
  17 goblins
  12 hobgoblins
  14 jackals
  4 quokkas
  3 ball pythons
  A ball python skeleton (D:4)
  9 bats
  2 frilled lizards (D:2)
  11 kobolds
  A quokka zombie (D:5)
  8 rats
189 creatures vanquished.

Notes
Turn   | Place    | Note
-------+----------+-------------------------------------------
     0 | D:1      | Faca the Formicid Fighter began the quest for the Orb.
     0 | D:1      | Reached XP level 1. HP: 18/18 MP: 1/1
   150 | D:1      | Reached XP level 2. HP: 24/24 MP: 2/2
   311 | D:1      | Reached XP level 3. HP: 29/29 MP: 3/3
  1025 | D:2      | Reached XP level 4. HP: 36/36 MP: 4/4
  1110 | D:2      | Found a runed door.
  1115 | D:2      | Noticed Crazy Yiuf
  1119 | D:2      | Killed Crazy Yiuf
  1226 | D:2      | Reached skill level 3 in Axes
  1227 | D:2      | Reached XP level 5. HP: 40/42 MP: 5/5
  2045 | D:3      | Noticed Robin
  2067 | D:3      | Killed Robin
  2067 | D:3      | Reached XP level 6. HP: 34/48 MP: 6/6
  2517 | D:4      | Reached skill level 4 in Axes
  2529 | D:4      | Found Haqar's General Store.
  2602 | D:4      | Reached skill level 5 in Shields
  3148 | D:4      | Reached skill level 1 in Dodging
  3148 | D:4      | Reached XP level 7. HP: 55/55 MP: 7/7
  3230 | D:5      | Entered Level 5 of the Dungeon
  3801 | D:5      | Reached skill level 5 in Axes
  3828 | D:5      | Reached skill level 1 in Stealth
  4406 | D:6      | Reached skill level 5 in Armour
  4406 | D:6      | Reached XP level 8. HP: 22/61 MP: 8/8
  5042 | D:6      | Found a staircase to the Ecumenical Temple.
  5047 | Temple   | Entered the Ecumenical Temple
  5054 | Temple   | Became a worshipper of Warmaster Okawaru
  5210 | D:6      | Noticed Prince Ribbit
  5246 | D:6      | Killed Prince Ribbit
  5246 | D:6      | Reached skill level 6 in Axes
  5265 | D:6      | Reached skill level 5 in Fighting
  5682 | D:6      | Found a glowing golden altar of the Shining One.
  5690 | D:6      | Reached XP level 9. HP: 68/68 MP: 9/9
  5719 | D:6      | Got an ancient cloak
  5730 | D:6      | Identified the +2 cloak of the Eternal Fruit {rC- MR+ Str+7 Dex+2} (You found it on level 6 of the Dungeon)
  5791 | D:6      | Reached skill level 7 in Axes
  5959 | D:6      | Noticed Menkaure
  5967 | D:6      | Killed Menkaure
  5967 | D:6      | Reached * piety under Okawaru
  6429 | D:6      | HP: 1/68 [orc warrior/hand axe (10)]
  7002 | D:7      | Found a glowing silver altar of Zin.
  7082 | D:7      | Reached skill level 8 in Axes
  7299 | D:7      | Reached ** piety under Okawaru
  7451 | D:7      | Slain by an orc warrior

Skill      XL: |  1  2  3  4  5  6  7  8  9 |
---------------+----------------------------+-----
Shields        | 4 5 6 7 |  7.7
Armour         | 4 5 6 7 |  7.4
Axes           | 3 4 5 6 8 |  8.4
Fighting       | 4 5 |  5.9
Dodging        | 1 |  1.5
Stealth        | 1 |  1.3

Action                   |  1- 3 |  4- 6 |  7- 9 || total
-------------------------+-------+-------+-------++-------
Melee: War axe           |    95 |   236 |   356 ||   687
  Use: Scroll            |     4 |     6 |     7 ||    17
       Potion            |       |     1 |     5 ||     6
  Eat: Fruit             |     1 |     6 |       ||     7
       Beef jerky        |       |     1 |     4 ||     5
       Bread ration      |       |       |     2 ||     2
       Pizza             |       |       |     1 ||     1
Armor: Scale mail        |    39 |    57 |       ||    96
       Chain mail        |       |    45 |   126 ||   171
Dodge: Dodged            |    31 |    81 |    93 ||   205
Block: Shield            |    59 |   139 |   189 ||   387
